 Dungeon Crawl Stone Soup version 0.21.1-1-g345015f (webtiles) character file.

22 Iko the Chiller (level 2, -8/20 HPs)
             Began as a Centaur Ice Elementalist on May 13, 2018.
             Mangled by Sigmund
             ... wielding a +0 scythe
              (9 damage)
             ... on level 2 of the Dungeon.
             The game lasted 00:07:32 (553 turns).

Iko the Chiller (Centaur Ice Elementalist)           Turns: 553, Time: 00:07:33

Health: -8/20      AC:  5    Str: 10    XL:     2   Next: 68%
Magic:  3/4        EV:  8    Int: 14    God:
Gold:   48         SH:  0    Dex:  9    Spells: 3/4 levels left

rFire    . . .     SeeInvis .   a - +0 dagger
rCold    . . .     Gourm    .   (no shield)
rNeg     . . .     Faith    .   e - +0 ring mail
rPois    .         Spirit   .   (no helmet)
rElec    .         Reflect  .   (no cloak)
rCorr    .         Harm     .   (no gloves)
MR       .....                  (no barding)
Stlth    ..........             (no amulet)
HPRegen  0.06/turn              (no ring)
MPRegen  0.09/turn              (no ring)

@: very quick
A: large, hooves 3, deformed body, speed 2, tough skin 3
a: no special abilities


You were on level 2 of the Dungeon.
You were not hungry.

You visited 1 branch of the dungeon, and saw 2 of its levels.

You collected 48 gold pieces.

Inventory:

Hand Weapons
 a - a +0 dagger (weapon)
 g - a +0 hunting sling
Missiles
 i - 8 sling bullets
Armour
 e - a +0 ring mail (worn)
Scrolls
 d - 4 scrolls of fear
 h - a scroll of immolation
Potions
 f - a potion of ambrosia
Books
 b - a book of Frost

   Spells                             Type                      Level
   a - Freeze                         Ice                          1
   b - Throw Frost                    Conjuration/Ice              2
   c - Ozocubu's Armour               Charms/Ice                   3
   d - Throw Icicle                   Conjuration/Ice              4
   e - Summon Ice Beast               Ice/Summoning                4
Comestibles
 c - a ration


   Skills:
 + Level 0.1 Armour
 + Level 1.4 Dodging
 + Level 1.1 Stealth
 + Level 0.2 Unarmed Combat
 + Level 1.8 Spellcasting
   Level 0.8 Conjurations
 + Level 3.3 Ice Magic


You had 3 spell levels left.
You knew the following spells:

 Your Spells              Type           Power        Failure   Level  Hunger
a - Freeze                Ice            ##..         16%         1    ##.....


Dungeon Overview and Level Annotations

Branches:
Dungeon (2/15)

Altars:

Annotations:
D:2 Sigmund


Innate Abilities, Weirdness & Mutations

You have hooves in place of feet.
Armour fits poorly on your strangely shaped body.
You cover ground very quickly.
You have extremely tough skin. (AC +3)


Message History

The giant cockroach misses you.
Firing (i - inventory):
i - 9 sling bullets (quivered)
Press: ? - help, Shift-Dir - straight line, f/p - giant cockroach
Aim: a giant cockroach (heavily wounded, clinging)
You shoot a sling bullet.
The sling bullet barely misses the giant cockroach.
The giant cockroach barely misses you. Something hits you!
The giant cockroach bites you but does no damage.
a - a +0 dagger (weapon)
You hit the giant cockroach but do no damage.
The giant cockroach is heavily wounded.
The giant cockroach bites you but does no damage.
Something hits you!
Ouch! That really hurt!
* * * LOW HITPOINT WARNING * * *
The giant cockroach bites you but does no damage.
You hit the giant cockroach but do no damage.
The giant cockroach is heavily wounded.
Something hits you!
You die...

#.##.# .. #.##.###
... #.##...# ..
##.####.###.###
###...).........#
##....#####.####.#
#.[##.#####..#
#....†.....#.###
###..........#.@.#
#............###s..#
#.#.<........#
.........# ..
#..........#
(........# .
.....###.####
.........# #..####
#.# .........# #..
.. ......(..# ...#
.# ...(..(.@# .##
..g....!>#


You could see a giant cockroach.

Vanquished Creatures
  A dart slug (D:1)
  A leopard gecko (D:1)
  2 giant cockroaches (D:1)
  A goblin (D:2)
  A hobgoblin (D:1)
  2 kobolds
  5 bats
  2 frilled lizards
  6 rats
21 creatures vanquished.

Notes
Turn   | Place    | Note
-------+----------+-------------------------------------------
     0 | D:1      | Iko the Centaur Ice Elementalist began the quest for the Orb.
     0 | D:1      | Reached XP level 1. HP: 14/14 MP: 3/3
   319 | D:2      | Noticed Sigmund
   339 | D:1      | Reached skill level 3 in Ice Magic
   339 | D:1      | Reached XP level 2. HP: 15/20 MP: 0/4
   552 | D:2      | HP: 1/20 [something (11)]
   553 | D:2      | Mangled by Sigmund

Skill      XL: |  1 |
---------------+----+-----
Ice Magic      | 3 |  3.3
Armour         | |  0.1
Dodging        | |  1.4
Stealth        | |  1.1
Unarmed Combat | |  0.2
Spellcasting   | |  1.8
Conjurations   | |  0.8

Action                   || total
-------------------------++-------
Melee: Unarmed           ||    24
       Kick              ||     9
       Dagger            ||    22
 Fire: Hunting sling     ||     6
 Cast: Freeze            ||    18
  Use: Scroll            ||     5
       Potion            ||     3
Armor: Ring mail         ||    38
Dodge: Dodged            ||    38
